 Dungeon Crawl Stone Soup version 0.27-a0-1200-g94dc6ad4cf (webtiles) character file.

Game seed: 14651016146959664138

181 Conn the Shield-Bearer (level 5, -1/46 HPs)
             Began as a Minotaur Fighter on May 30, 2021.
             Slain by a yak (8 damage)
             ... on level 4 of the Dungeon.
             The game lasted 00:08:31 (2978 turns).

Conn the Shield-Bearer (Minotaur Fighter)           Turns: 2978, Time: 00:08:31

Health: -1/46      AC:  9    Str: 18 (21) XL:     5   Next: 34%
Magic:  4/4        EV:  8    Int:  9 (11) God:
Gold:   89         SH:  9    Dex:  8 (10) Spells: 4/4 levels left

rFire    . . .     SeeInvis .   a - +0 war axe
rCold    . . .     Faith    .   c - +0 kite shield
rNeg     . . .     Spirit   .   r - +2 ring mail {Will+}
rPois    .         Reflect  .   (helmet restricted)
rElec    .         Harm     .   (no cloak)
rCorr    .         Rampage  .   j - +0 pair of gloves
Will     +....                  (no boots)
Stlth    ..........             (no amulet)
HPRegen  0.15/turn              m - +6 ring of intelligence
MPRegen  0.09/turn              (no ring)

@: no status effects
A: horns 2, retaliatory headbutt
a: no special abilities


You were on level 4 of the Dungeon.
You visited 1 branch of the dungeon, and saw 4 of its levels.

You collected 89 gold pieces.

Inventory:

Hand Weapons
 a - a +0 war axe (weapon)
Missiles
 f - 16 poisoned darts (quivered)
 k - 40 sling bullets
Armour
 b - a +0 scale mail
 c - a +0 kite shield (worn)
 j - a +0 pair of gloves (worn)
 r - a +2 ring mail of willpower (worn)
 t - a +0 scale mail of cold resistance
Jewellery
 m - a +6 ring of intelligence (left hand)
Wands
 n - a wand of iceblast (10)
 s - a wand of flame (16)
 u - a wand of polymorph (9)
Scrolls
 e - a scroll of enchant armour {unknown}
 g - a scroll of enchant weapon {unknown}
 i - a scroll of teleportation {unknown}
 o - a scroll of magic mapping {unknown}
 p - a scroll of blinking {unknown}
 q - 2 scrolls of identify {unknown}
Potions
 d - a potion of might


   Skills:
 + Level 4.2 Fighting
 + Level 4.3 Axes
 + Level 4.5 Armour
 + Level 1.1 Dodging
 + Level 0.3 Stealth
 + Level 4.8 Shields


You had 4 spell levels left.
You didn't know any spells.
Your spell library contained the following spells:

 Spells                   Type           Power      Damage    Failure   Level
 Sting                    Tmut/Pois      0%         1d3       95%         1
 Poisonous Vapours        Pois/Air       0%         N/A       98%         2
 Ignite Poison            Fire/Tmut/Pois 0%         N/A       100%        3
 Mephitic Cloud           Conj/Pois/Air  0%         N/A       100%        3
 Olgreb's Toxic Radiance  Pois           0%         N/A       100%        4


Dungeon Overview and Level Annotations

Branches:
Dungeon (4/15)
 Temple: D:4-7

Altars:
Uskayaw
Xom


Innate Abilities, Weirdness & Mutations

You have a pair of horns on your head.
You reflexively headbutt those who attack you in melee.


Message History

An adder comes into view.
The adder hisses angrily.
The kobold closely misses you. You furiously retaliate!
You headbutt the kobold.
The kobold throws a stone.
The stone hits you.
* * * LOW HITPOINT WARNING * * *
Okay, then.
You hit the adder.
The adder is heavily wounded.
The adder bites you but does no damage.
You slash the adder!
You kill the adder!
You block the kobold's attack.
The yak bellows!
You hear a bark! x2
A jackal comes into view.
The jackal barks!
A jackal comes into view. x2
The kobold throws a stone.
The stone hits you but does no damage.
An endoplasm comes into view.
The endoplasm quivers.
You slash the endoplasm!
You kill the endoplasm!
You barely miss the jackal. You hit the jackal.
You block the jackal's attack. x3
The jackal bites you but does no damage.
Unknown command.
Okay, then.
Okay, then.
Okay, then.
Okay, then.
You barely miss the jackal. You hit the jackal but do no damage.
You barely miss the jackal. You barely miss the yak.
You closely miss the kobold.
You hear a shout!
The jackal bites you but does no damage.
You block the jackal's attack. The yak gores you.
* * * LOW HITPOINT WARNING * * *
You block the jackal's attack. The kobold hits you but does no damage.
The jackal bites you but does no damage. x2
The yak gores you!
You die...

########
#....#####.# #.#
####....÷..# #.#
#####...÷...# #.#
...........<.###.##
######............#
##.........###..#
#...(......###..#
#..#hhh..........#
....#@Y#.######..#
....##YK.# #..# ..
#Y..# #..# ##Y.#
#YY# #.## #Y.# #†#
#..# ##.# #..#
##.Y#######..#
#.......YY...#


You could see 4 yaks, 3 jackals and a kobold.

Vanquished Creatures
  A bullfrog skeleton (D:3)
  Ijyb (D:3)
  6 adders
  A worm (D:3)
  A dart slug (D:3)
  4 orcs (D:3)
  A bat (D:2)
  3 endoplasms
  4 giant cockroaches
  7 goblins
  5 hobgoblins
  8 jackals
  4 quokkas
  4 ball pythons
  3 frilled lizards
  3 kobolds
  4 rats
60 creatures vanquished.

Notes
Turn   | Place    | Note
-------+----------+-------------------------------------------
     0 | D:1      | Conn the Minotaur Fighter began the quest for the Orb.
     0 | D:1      | Reached XP level 1. HP: 19/19 MP: 0/0
   631 | D:1      | Reached XP level 2. HP: 27/27 MP: 1/1
   811 | D:2      | Reached XP level 3. HP: 26/33 MP: 2/2
  1089 | D:2      | You fall into a shaft and drop 2 floors!
  1227 | D:3      | Reached XP level 4. HP: 39/40 MP: 3/3
  1361 | D:2      | Found a faded altar of an unknown god.
  2236 | D:3      | Reached skill level 1 in Dodging
  2297 | D:3      | Found a hide-covered altar of Uskayaw.
  2333 | D:3      | Noticed Ijyb
  2349 | D:3      | Killed Ijyb
  2350 | D:3      | Reached XP level 5. HP: 28/46 MP: 4/4
  2584 | D:3      | Found a shimmering altar of Xom.
  2887 | D:4      | Noticed a yak
  2890 | D:4      | Noticed a yak
  2890 | D:4      | Noticed a yak
  2890 | D:4      | Noticed a yak
  2893 | D:4      | Noticed a yak
  2900 | D:4      | Noticed a yak
  2978 | D:4      | Slain by a yak

Illustrated notes

Levels and vault maps discovered:
D:1:      co_arrival_random_square_maze, layout_basic, chequers_avenue,
          item_on_display_a
D:2:      mumra_celtic_spiral_tile, layout_basic,
          shapermc_ecumenical_altar_hornbeckon, ebering_dispersal_statue_hall,
          wad_floor_pattern_untrapped
D:3:      layout_loops_ring, general_overflow_altar,
          nicolae_overflow_crystal_walls, nicolae_overflow_hidden_temple,
          guppyfry_early_orc_mine, uniq_ijyb
D:4:      layout_loops_ring, minmay_manual_moon

Skill      XL: |  1  2  3  4 |
---------------+-------------+-----
Shields        | 4 |  4.8
Fighting       | 4 |  4.2
Axes           | 3 4 |  4.3
Armour         | 4 |  4.5
Dodging        | 1 |  1.1
Stealth        | |  0.3

Action                   |  1- 3 |  4- 6 || total
-------------------------+-------+-------++-------
Melee: War axe           |    70 |    76 ||   146
       Headbutt          |     7 |     9 ||    16
Throw: Javelin           |       |     5 ||     5
  Use: Potion            |       |     1 ||     1
Armor: Scale mail        |    47 |    17 ||    64
       Ring mail         |       |    27 ||    27
Dodge: Dodged            |    29 |    29 ||    58
Block: Kite shield       |    51 |    47 ||    98

Table legend: (Time is in decaauts)
 A = Elapsed time spent in this place.
 B = Non-inter-level travel time spent in this place.
 C = Inter-level travel time spent in this place.
 D = Time resting spent in this place.
 E = Time spent auto-exploring this place.
 F = Levels seen in this place.
 G = Mean time per level.
                   A        B        C        D        E       F      G
               +--------+--------+--------+--------+--------+-----+--------+
         Total |   3071 |   2928 |    143 |      0 |   2025 |   4 |  767.8 |
       Dungeon |   3071 |   2928 |    143 |      0 |   2025 |   4 |  767.8 |
               +--------+--------+--------+--------+--------+-----+--------+

Top non-repeatable levels by time:
     D:2: 1228 daAuts
     D:3: 910 daAuts
     D:1: 724 daAuts
     D:4: 208 daAuts
